 Dungeon Crawl Stone Soup version 0.29.1-1-gd02db6906a (webtiles) character file.

Game seed: 12390077920293679748

620 RogueRain17 the Ruffian (level 7, -3/51 HPs)
             Began as a Demonspawn Gladiator on Sept 21, 2022.
             Slain by a scorpion (4 damage)
             ... on level 5 of the Dungeon.
             The game lasted 00:09:12 (5635 turns).

RogueRain17 the Ruffian (Demonspawn Gladiator)      Turns: 5635, Time: 00:09:13

Health: -3/51      AC:  7    Str: 16    XL:     7   Next: 22%
Magic:  7/7        EV: 13    Int: 10    God:
Gold:   236        SH:  0    Dex: 14    Spells: 6/6 levels left

rFire   . . .      SeeInvis .     - Unarmed
rCold   . . .      Faith    .   (no shield)
rNeg    . . .      Spirit   .   a - +0 leather armour
rPois   .          Reflect  .   b - +0 helmet
rElec   .          Harm     .   (no cloak)
rCorr   .          Rampage  .   (no gloves)
Will    .....                   (no boots)
Stlth   +.........              (no amulet)
HPRegen 0.17/turn               (no ring)
MPRegen 0.10/turn               (no ring)

@: no status effects
A: yellow scales 2, powered by death 1, weakness stinger 1
a: no special abilities


You were on level 5 of the Dungeon.
You visited 1 branch of the dungeon, and saw 5 of its levels.

You collected 236 gold pieces.

Inventory:

Missiles
 c - a throwing net (quivered)
 d - a javelin
Armour
 a - a +0 leather armour (worn)
 b - a +0 helmet (worn)
Jewellery
 f - an amulet of the acrobat
 g - an amulet of reflection
 h - an amulet of magic regeneration
 i - a ring of protection from cold
Scrolls
 e - a scroll of torment {unknown}
 j - a scroll of enchant armour {unknown}
 l - a scroll of immolation
 o - 2 scrolls of fear {unknown}
 p - a scroll of vulnerability {unknown}
 t - a scroll of brand weapon {unknown}
 u - a scroll of blinking {unknown}
 w - a scroll of acquirement {unknown}
 y - a scroll of teleportation
Potions
 k - a potion of berserk rage {unknown}
 m - a potion of heal wounds {unknown}
 n - 3 potions of brilliance {unknown}
 q - a potion of mutation {unknown}
 r - 2 potions of lignification {unknown}
 s - a potion of haste {unknown}
 v - 5 potions of curing
 x - a potion of magic {unknown}


   Skills:
 - Level 2.5 Fighting
 - Level 2.2 Throwing
 + Level 4.8 Dodging
 * Level 6.2 Unarmed Combat


You had 6 spell levels left.
You didn't know any spells.
Your spell library contained the following spells:

 Spells                   Type           Power      Damage    Failure   Level
 Portal Projectile        Hex/Tloc       0%         N/A       80%         3
 Tukima's Dance           Hex            0%         N/A       80%         3
 Blade Hands              Tmut           0%         N/A       100%        5


Dungeon Overview and Level Annotations

Branches:
Dungeon (5/15)             Temple (0/1) D:4

Altars:
Fedhas
Hepliaklqana
Okawaru

Shops:
D:5 (


Innate Abilities, Weirdness & Mutations

You are mostly covered in yellow scales. (AC +3)
You regenerate a little health from kills.
You have a small tail.


Message History

The centaur hits you with a +0 dagger.
The centaur kicks you but does no damage.
The centaur barely misses you.
The centaur kicks you but does no damage.
You hit the centaur.
The centaur is heavily wounded.
The centaur barely misses you. The centaur misses you.
You punch the centaur!
Your tail-slap misses the centaur.
The centaur is severely wounded.
The centaur hits you with a +0 dagger. The centaur kicks you.
You barely miss the centaur. You tail-slap the centaur.
The centaur is almost dead.
The centaur hits you with a +0 dagger!
* * * LOW HITPOINT WARNING * * *
The centaur kicks you but does no damage.
The centaur drinks a potion.
The centaur is healed!
You barely miss the centaur.
Your tail-slap misses the centaur.
The centaur is severely wounded.
The centaur hits you with a +0 dagger.
* * * LOW HITPOINT WARNING * * *
The centaur barely misses you. The scorpion barely misses you.
You completely miss the centaur.
The centaur is severely wounded.
The centaur hits you with a +0 dagger.
* * * LOW HITPOINT WARNING * * *
The centaur barely misses you. The scorpion stings you.
* * * LOW HITPOINT WARNING * * *
You hit the centaur.
The centaur is severely wounded.
The centaur barely misses you. The centaur kicks you.
* * * LOW HITPOINT WARNING * * *
The scorpion closely misses you. The centaur hits you with a +0 dagger.
* * * LOW HITPOINT WARNING * * *
The centaur kicks you but does no damage.
You hit the centaur.
The centaur is almost dead.
The centaur misses you.
The centaur kicks you but does no damage.
The scorpion stings you.
You die...

......### ...#
###....####.##
######...
#.........####........
#....................
###.......####.....#
.....##....# .......#
####.##....#.#......#..
#.....[.###<#.cs......
#.#.#######...@###
#.#..............#
#.###########....#
#.....# ##.### #####.#
######.# #.# #......#
#.###.###### #.....#
#######


You could see a centaur and a scorpion.

Vanquished Creatures
  An ice beast (D:5)
  A black bear (D:4)
  An ogre (D:4)
  A phantom (D:4)
  A gnoll bouda (D:4)
  An iguana (D:4)
  4 gnolls (D:4)
  8 adders
  2 ufetubi (D:5)
  2 worms
  2 dart slugs (D:1)
  8 orcs
  3 endoplasms
  4 giant cockroaches
  8 goblins
  10 hobgoblins
  9 jackals
  8 kobolds
  2 quokkas
  12 ball pythons
  7 bats
  2 frilled lizards (D:1)
  4 rats
  A spectral hobgoblin (D:3)
102 creatures vanquished.

Notes
Turn   | Place    | Note
-------+----------+-------------------------------------------
     0 | D:1      | RogueRain17 the Demonspawn Gladiator began the quest for
                  | the Orb.
     0 | D:1      | Reached XP level 1. HP: 16/16 MP: 1/1
    61 | D:1      | Found a faded altar of an unknown god.
   184 | D:1      | Gained mutation: You regenerate a little health from kills.
                  | [demonic ancestry]
   184 | D:1      | Reached XP level 2. HP: 19/22 MP: 2/2
   610 | D:1      | Reached skill level 3 in Unarmed Combat
   909 | D:1      | Reached XP level 3. HP: 27/28 MP: 3/3
  1247 | D:2      | Identified the +1 ring mail "Jugeas" {+Blink rF- rC+ rN+}
  1702 | D:2      | Gained mutation: You are partially covered in yellow
                  | scales. (AC +2) [demonic ancestry]
  1702 | D:2      | Reached XP level 4. HP: 13/34 MP: 4/4
  2618 | D:3      | Reached skill level 4 in Unarmed Combat
  2736 | D:3      | Found an iron altar of Okawaru.
  2873 | D:3      | Gained mutation: You are mostly covered in yellow scales.
                  | (AC +3) [demonic ancestry]
  2873 | D:3      | Reached XP level 5. HP: 39/39 MP: 5/5
  3201 | D:3      | Found a hazy altar of Hepliaklqana.
  3565 | D:3      | Found a blossoming altar of Fedhas.
  3620 | D:4      | Noticed an ogre
  3639 | D:4      | Noticed a phantom
  3664 | D:4      | Killed a phantom
  4122 | D:4      | Reached XP level 6. HP: 39/46 MP: 6/6
  4162 | D:4      | Reached skill level 5 in Unarmed Combat
  4345 | D:4      | Found a staircase to the Ecumenical Temple.
  5070 | D:5      | Entered Level 5 of the Dungeon
  5115 | D:5      | Found Amoparil's Weapon Shoppe.
  5150 | D:5      | Noticed an ice beast
  5166 | D:5      | Killed an ice beast
  5167 | D:5      | Reached skill level 6 in Unarmed Combat
  5167 | D:5      | Gained mutation: You have a small tail. [demonic ancestry]
  5167 | D:5      | Reached XP level 7. HP: 9/51 MP: 7/7
  5634 | D:5      | HP: 1/51 [centaur/+0 dagger (3)]
  5635 | D:5      | Slain by a scorpion

Illustrated notes

Levels and vault maps discovered:
D:1:      lemuel_arrival_funnel, layout_loops_corners,
          ebering_ecumenical_altar_rust, serial_bayou_ford_a
D:2:      minmay_chambers_of_ones, layout_loops_ring
D:3:      minmay_diamond_boxcup, layout_loops_ring, okawaru_metal_pillars_3,
          nicolae_hepliaklqana_monster_ancestors, fedhas_altar_4
D:4:      layout_loops_ring, minmay_temple_entry_from_below_a
D:5:      layout_basic, nicolae_dithmenos_shadow_blocks,
          nicolae_wu_jian_immortal_techniques, serial_shops, shop

Skill      XL: |  1  2  3  4  5  6 |
---------------+-------------------+-----
Throwing       | 2 |  2.2
Dodging        | 3 4 |  4.8
Unarmed Combat | 3 4 6 |  6.2
Fighting       | |  2.5

Action                   |  1- 3 |  4- 6 |  7- 9 || total
-------------------------+-------+-------+-------++-------
Melee: Unarmed           |   164 |   277 |    23 ||   464
       Punch             |     6 |     9 |       ||    15
       Tailslap          |       |       |     1 ||     1
Throw: Throwing net      |       |     6 |       ||     6
       Javelin           |       |     1 |       ||     1
  Use: Scroll            |       |     3 |       ||     3
 Stab: Sleeping          |       |     3 |       ||     3
       Distracted        |       |     1 |       ||     1
Armor: Leather armour    |    65 |    83 |    14 ||   162
Dodge: Dodged            |   112 |   156 |    20 ||   288
